 Dungeon Crawl Stone Soup version 0.30-a0-305-g026cb31310 (webtiles) character file.

Game seed: 10093774851221435451

42249 porpoise the Carver (level 14, -21/104 HPs)
             Began as a Merfolk Monk on Oct 23, 2022.
             Was a High Priest of Hepliaklqana.
             Demolished by a boulder beetle (42 damage)
             ... on level 5 of the Lair of Beasts.
             The game lasted 01:10:10 (18386 turns).

porpoise the Carver (Merfolk Monk)                 Turns: 18386, Time: 01:10:11

Health: -21/104    AC: 14    Str: 11    XL:     14   Next: 19%
Magic:  20/20      EV: 19    Int:  9    God:    Hepliaklqana [*****.]
Gold:   1711       SH:  8    Dex: 28    Spells: 13/13 levels left

rFire   . . .      SeeInvis +    a - +2 scimitar (venom)
rCold   . . .      Faith    .    I - +1 buckler
rNeg    . . .      Spirit   .    P - +0 acid dragon scales
rPois   .          Reflect  .    o - +2 hat
rElec   .          Harm     .    M - +2 cloak
rCorr   +          Rampage  .    G - +1 pair of gloves of Generosity {SInv}
Will    ++...                    (no boots)
Stlth   +++.......               (no amulet)
HPRegen 0.37/turn                D - +6 ring of dexterity
MPRegen 0.17/turn                m - ring of willpower

@: no status effects
A: reduced essence, (nimble swimmer 2), mertail
a: Renounce Religion, Recall Ancestor, Ancestor Identity, Transference, Idealise


You were on level 5 of the Lair of Beasts.
You worshipped Hepliaklqana.
Hepliaklqana was extremely pleased with you.
You visited 2 branches of the dungeon, and saw 16 of its levels.
You also visited: Sewer, Ossuary and Bailey.

You collected 1711 gold pieces.

Inventory:

Hand Weapons
 a - a +2 scimitar of venom (weapon)
 b - a +1 dagger of draining
 w - the +8 trident of the Octopus King {venom, rElec rPois}
   (You took it off Grum in a bailey)

   It poisons the flesh of those it strikes.
   rElec:     It insulates you from electricity.
   rPois:     It protects you from poison.
 F - a +3 longbow of flaming
Missiles
 y - 6 boomerangs
 B - 7 atropa-tipped darts
 L - 4 curare-tipped darts
 V - 29 poisoned darts (quivered)
Armour
 o - a +2 hat (worn)
 G - the +1 pair of gloves of Generosity (worn) {SInv}
   (You found it on level 5 of the Lair of Beasts)

   SInv:      It lets you see invisible.
 I - a +1 buckler (worn)
 M - a +2 cloak (worn)
 P - +0 acid dragon scales (worn)
Jewellery
 k - a +4 ring of protection
 m - a ring of willpower (right hand)
 s - a ring of flight
 D - a +6 ring of dexterity (left hand)
Wands
 u - a wand of flame (74)
 v - a wand of polymorph (9)
 W - a wand of iceblast (14)
 Z - a wand of quicksilver (1)
Scrolls
 e - a scroll of noise
 g - 2 scrolls of poison
 i - 2 scrolls of fear
 p - 2 scrolls of identify
 q - a scroll of blinking
 r - 2 scrolls of vulnerability
 t - 2 scrolls of teleportation
 x - 2 scrolls of enchant weapon
 C - a scroll of summoning
 E - a scroll of butterflies
 Y - a scroll of enchant armour
Potions
 c - 2 potions of ambrosia
 d - 5 potions of resistance
 f - a potion of berserk rage
 h - 3 potions of curing
 j - 3 potions of attraction
 l - 9 potions of heal wounds
 z - 2 potions of haste
 A - 9 potions of flight
 K - a potion of might
 X - a potion of cancellation
Miscellaneous
 n - a box of beasts (inert)
 N - a phial of floods
 T - a lightning rod (2/4)


   Skills:
 + Level 12.5 Fighting
 - Level 4.1(10.0) Short Blades
 - Level 14.0(14.2) Long Blades
 - Level 14.0 Polearms
 - Level 5.0 Armour
 - Level 9.0 Dodging
 + Level 4.5 Stealth
 - Level 5.0 Shields
 - Level 9.0 Invocations
 + Level 5.8 Evocations


You had 13 spell levels left.
You didn't know any spells.
Your spell library contained the following spells:

 Spells                   Type           Power      Damage    Failure   Level
 Hailstorm                Conj/Ice       0%         3d3       93%         3
 Ignite Poison            Fire/Tmut/Pois 0%         N/A       93%         3
 Kindle Blastsparks       Fire/Tloc/Air  0%         2d10      93%         3
 Vhi's Electric Charge    Tloc/Air       0%         N/A       93%         3
 Fulminant Prism          Conj/Hex       0%         3d6       100%        4
 Ice Form                 Ice/Tmut       0%         N/A       100%        4
 Iskenderun's Mystic Bla  Conj/Tloc      0%         2d3       100%        4
 Petrify                  Tmut/Erth      0%         N/A       100%        4
 Sticky Flame             Conj/Fire      0%         2d3       100%        4
 Arcjolt                  Conj/Air       0%         1d10      100%        5
 Lee's Rapid Deconstruct  Erth           0%         3d4*      100%        5
 Metabolic Englaciation   Hex/Ice        0%         N/A       100%        5
 Simulacrum               Ice/Necr       0%         N/A       100%        6
 Statue Form              Tmut/Erth      0%         N/A       100%        6
 Ignition                 Fire           0%         3d3       100%        8
 Maxwell's Capacitive Co  Air            0%         ∞         100%        8


Dungeon Overview and Level Annotations

Branches:
Dungeon (11/15)            Temple (0/1) D:7            Lair (5/5) D:9
  Swamp (0/4) Lair:3        Snake (0/4) Lair:3        Slime (0/5) Lair:4
    Orc (0/2) D:10          Sewer (visited)         Ossuary (visited)
 Bailey (visited)

Altars:
Ashenzari
Cheibriados
Elyvilon
Fedhas
Hepliaklqana
Qazlal
Sif Muna
Uskayaw
Vehumet
Wu Jian
Yredelemnul
Zin

Shops:
D:8 [*

Annotations:
D:3 1 runed translucent door, Iich's ghost, amateur MiBe
D:6 2 transporters
D:9 exclusion: statue


Innate Abilities, Weirdness & Mutations

Your life essence is reduced to manifest your ancestor. (-10% HP)
((You are very nimble when in or above water. (Stealth+, EV+, Speed+++)))
Your lower body shifts to a powerful aquatic tail in water.


Message History

You kill the polar bear!
The boulder beetle attacks as you move away!
The boulder beetle misses you.
Items here: †††††.
A hell hound comes into view.
The hell hound barks!
You hit the boulder beetle but do no damage.
The boulder beetle closely misses you.
You hit the boulder beetle.
The boulder beetle is poisoned.
The boulder beetle is lightly wounded.
You block the boulder beetle's attack.
You completely miss the boulder beetle.
The boulder beetle is lightly wounded.
You block the boulder beetle's attack.
You slash the boulder beetle!
The boulder beetle looks as sick as possible!
The boulder beetle is moderately wounded.
You hit the boulder beetle but do no damage.
The boulder beetle looks as sick as possible!
The boulder beetle is moderately wounded.
The boulder beetle bites you but does no damage.
You barely miss the boulder beetle.
The boulder beetle is heavily wounded.
The boulder beetle bites you!
* * * LOW HITPOINT WARNING * * *
You block the hell hound's attack.
You hit the hell hound.
The hell hound is poisoned.
The hell hound is lightly wounded.
The hell hound completely misses you.
The boulder beetle leaps!
You slash the hell hound!
The hell hound looks as sick as possible!
The hell hound is heavily wounded.
The hell hound breathes flames at you. The blast of flame hits you!
* * * LOW HITPOINT WARNING * * *
You slash the hell hound!
You kill the hell hound!
The boulder beetle curls into a ball and begins rolling!
The boulder beetle hits you!!!
You die...

.........#P###################
.....P...### ....P...##
.......## ## .#.P...####
####.#
.P....#...##########.#..##
.....#.....#†#.#.##†#†..!#
..÷P#........†..)#.#....##
...###.^..#.....@..#.......
...# #####.#...#.B..#....##..
..## #######.°##..!.## ..##
#°.# ###.... ...# .... ....
...# ...#### ##... ..## ...##
#.#.h.h ..# #.## .hh.. #.# ##


?ch ## You could see a boulder beetle (rolling, very poisoned).

Vanquished Creatures
  Gastronok (Lair:2)
  4 hydras
  A two-headed ogre (D:10)
  A bog body (Lair:3)
  2 ugly things (D:8)
  A cyclops (Lair:5)
  11 elephants
  3 black mambas
  A gargoyle (D:10)
  5 cane toads
  An unseen horror (D:8)
  A torpor snail (Lair:5)
  6 komodo dragons
  3 trolls
  11 polar bears
  2 raiju (Lair:5)
  2 dream sheep
  15 blink frogs
  2 wyverns
  A wraith (D:8)
  13 yaks
  A basilisk (Lair:2)
  Grum (Bailey)
  2 steam dragons
  2 wargs (Lair:5)
  3 nagas (Lair:3)
  6 hell hounds (Lair:5)
  3 acid dragons (D:10)
  10 water moccasins
  An orc warrior (D:9)
  A sky beast (D:7)
  14 black bears
  An ogre (D:5)
  An ice beast (D:8)
  26 wolves
  A phantom (D:5)
  A centaur (D:9)
  A kobold brigand (D:9)
  16 bullfrogs
  8 gnoll sergeants
  3 scorpions
  5 wights (D:7)
  5 killer bees
  5 howler monkeys
  An electric eel (Lair:5)
  2 centaur zombies (Ossuary)
  2 hounds
  3 jellies
  4 orc priests
  4 gnoll boudas
  3 iguanas
  5 orc wizards
  4 hell rats (Lair:3)
  4 mummies (Ossuary)
  15 gnolls
  13 adders
  4 river rats
  3 shadow imps
  2 white imps
  2 ufetubi
  2 worms
  A dart slug (D:5)
  23 orcs
  9 ball pythons
  2 endoplasms
  12 giant cockroaches
  A gnoll zombie (Ossuary)
  5 hobgoblins
  7 jackals
  13 kobolds
  9 quokkas
  12 bats
  4 frilled lizards
  10 goblins
  A goblin zombie (Ossuary)
  3 hobgoblin zombies (Ossuary)
  A jackal zombie (D:5)
  A kobold zombie (Ossuary)
  10 rats
  A butterfly (Lair:1)
402 creatures vanquished.

Vanquished Creatures (collateral kills)
  2 hydras
  A bog body (Lair:3)
  5 elephants
  2 cane toads
  2 komodo dragons
  A polar bear (Lair:4)
  2 blink frogs
  6 dream sheep (Lair:3)
  6 yaks
  A basilisk (Lair:4)
  A naga (Lair:3)
  An acid dragon (D:8)
  2 water moccasins
  A sky beast (D:7)
  A black bear (Lair:5)
  5 wolves
  A gnoll sergeant (Bailey)
  A necrophage (D:7)
  A killer bee (D:7)
  3 howler monkeys
  A hound (Bailey)
  2 gnoll boudas (Bailey)
  An orc wizard (D:7)
  10 gnolls (Bailey)
  2 orcs
  A goblin (D:8)
62 creatures vanquished.

Vanquished Creatures (others)
  14 hexers
  25 fungi
  42 plants
81 creatures vanquished.

Grand Total: 545 creatures vanquished

Notes
Turn   | Place    | Note
-------+----------+-------------------------------------------
     0 | D:1      | porpoise the Merfolk Monk began the quest for the Orb.
     0 | D:1      | Reached XP level 1. HP: 18/18 MP: 1/1
   107 | D:1      | Reached XP level 2. HP: 12/24 MP: 2/2
   444 | D:1      | Found a faded altar of an unknown god.
   738 | D:2      | Reached XP level 3. HP: 30/30 MP: 3/3
   940 | D:2      | Reached skill level 5 in Long Blades
  1115 | D:2      | Reached XP level 4. HP: 37/37 MP: 4/4
  1301 | D:2      | Found a white marble altar of Elyvilon.
  1617 | D:3      | Noticed Iich's ghost (amateur MiBe)
  1617 | D:3      | Found a runed translucent door.
  1964 | D:3      | Reached XP level 5. HP: 40/43 MP: 5/5
  2675 | D:4      | Reached XP level 6. HP: 50/50 MP: 6/6
  2709 | D:4      | Reached skill level 5 in Fighting
  2857 | D:4      | Noticed a black bear
  2999 | D:4      | Killed a black bear
  3000 | D:4      | Reached XP level 7. HP: 50/56 MP: 7/7
  3527 | D:5      | Entered Level 5 of the Dungeon
  3668 | D:5      | Found a sand-covered staircase.
  3678 | Ossuary  | Entered an ossuary
  4196 | D:5      | Found a glowing drain.
  4209 | D:5      | Reached XP level 8. HP: 59/65 MP: 8/8
  4215 | Sewer    | Entered a sewer
  5050 | D:5      | Found a hide-covered altar of Uskayaw.
  5288 | D:5      | Reached skill level 10 in Long Blades
  5378 | D:5      | Found a shimmering blue altar of Sif Muna.
  5443 | D:5      | Found a stormy altar of Qazlal.
  5790 | D:6      | Reached skill level 1 in Armour
  5920 | D:6      | Found a transporter.
  5928 | D:6      | Found a transporter.
  5937 | D:6      | Noticed a kobold demonologist
  6291 | D:6      | Found an ornate altar of the Wu Jian Council.
  6291 | D:6      | Found a white marble altar of Elyvilon.
  6292 | D:6      | Found a glowing silver altar of Zin.
  6293 | D:6      | Found a snail-covered altar of Cheibriados.
  6294 | D:6      | Found a hazy altar of Hepliaklqana.
  6306 | D:6      | Became a worshipper of Hepliaklqana the Forgotten
  6306 | D:6      | Reached * piety under Hepliaklqana
  6306 | D:6      | Reached ** piety under Hepliaklqana
  6307 | D:6      | Remembered your ancestor Niki as a hexer
  6812 | D:7      | Reached skill level 1 in Evocations
  7139 | D:7      | Found a staircase to the Ecumenical Temple.
  7168 | D:7      | Reached XP level 9. HP: 62/64 MP: 9/9
  7176 | D:7      | Found a blossoming altar of Fedhas.
  7885 | D:8      | Found Zetankoirph's Elemental Accessories.
  7970 | D:8      | Found Cheibriados's Comfort Zone.
  7972 | D:8      | Found a snail-covered altar of Cheibriados.
  7981 | D:8      | Found a flagged portal.
  7992 | Bailey   | Entered a bailey
  7999 | Bailey   | Reached skill level 5 in Dodging
  8437 | Bailey   | Noticed Grum
  8442 | Bailey   | Killed Grum
  8443 | Bailey   | Reached skill level 5 in Evocations
  8448 | Bailey   | Reached XP level 10. HP: 71/71 MP: 10/10
  8943 | D:8      | Noticed a white ugly thing
  8946 | D:8      | Killed an unseen horror
  8948 | D:8      | Noticed a cyan ugly thing
  8953 | D:8      | Killed a white ugly thing
  8958 | D:8      | Killed a cyan ugly thing
  8959 | D:8      | Reached skill level 1 in Polearms
  9271 | D:8      | Reached skill level 1 in Shields
  9345 | D:8      | Reached XP level 11. HP: 70/76 MP: 11/11
  9509 | D:8      | You fall into a shaft and drop 3 floors!
  9555 | D:10     | Entered Level 10 of the Dungeon
  9954 | D:9      | Reached *** piety under Hepliaklqana
 10248 | D:9      | Found a staircase to the Lair.
 10254 | D:9      | Reached skill level 5 in Polearms
 10275 | D:9      | Found a radiant altar of Vehumet.
 10477 | D:10     | Noticed a two-headed ogre
 10485 | D:10     | Killed a two-headed ogre
 10628 | D:10     | Found a staircase to the Orcish Mines.
 10713 | D:10     | Found a broken altar of Ashenzari.
 10747 | D:10     | Found a basalt altar of Yredelemnul.
 11172 | Lair:1   | Entered Level 1 of the Lair of Beasts
 11202 | Lair:1   | Reached skill level 5 in Shields
 11497 | Lair:1   | Reached **** piety under Hepliaklqana
 11574 | Lair:1   | Reached skill level 1 in Invocations
 11770 | Lair:1   | Reached skill level 10 in Fighting
 12336 | Lair:2   | Reached XP level 12. HP: 59/87 MP: 13/13
 13001 | Lair:2   | Noticed Gastronok
 13015 | Lair:2   | Killed Gastronok
 13038 | Lair:2   | Reached skill level 10 in Polearms
 13044 | Lair:2   | Reached skill level 5 in Invocations
 13700 | Lair:3   | Noticed a seven-headed hydra
 13924 | Lair:3   | Found a staircase to the Swamp.
 14082 | Lair:3   | Found a staircase to the Snake Pit.
 14093 | Lair:3   | Noticed a five-headed hydra
 14103 | Lair:3   | Killed a five-headed hydra
 14563 | Lair:3   | You fall into a shaft and drop 2 floors!
 14563 | Lair:5   | Entered Level 5 of the Lair of Beasts
 14563 | Lair:5   | Noticed Nessos
 14668 | Lair:5   | Noticed an eight-headed hydra
 14668 | Lair:5   | Noticed a seven-headed hydra
 14960 | Lair:3   | Reached XP level 13. HP: 94/96 MP: 10/18
 15236 | Lair:3   | Reached skill level 1 in Short Blades
 15952 | Lair:4   | Found a staircase to the Slime Pits.
 16141 | Lair:4   | Reached ***** piety under Hepliaklqana
 17176 | Lair:5   | Nessos changed into Nessos the cyclops
 17176 | Lair:5   | Noticed Nessos
 17182 | Lair:5   | Killed Nessos the cyclops
 17868 | Lair:5   | Identified the +1 pair of gloves of Generosity {SInv}
 18004 | Lair:5   | Reached skill level 5 in Armour
 18049 | Lair:5   | Reached XP level 14. HP: 82/103 MP: 20/20
 18386 | Lair:5   | Demolished by a boulder beetle

Illustrated notes

Levels and vault maps discovered:
D:1:      dpeg_arrival_tiny_h, layout_rooms, basic_ecumenical_altar,
          hangedman_decor_growths, minmay_tripent
D:2:      minmay_recursive_quarters, layout_basic, basic_altar
D:3:      layout_basic, hellmonk_ghost_happy_afterlife
D:4:      layout_loops_ring
D:5:      layout_basic, lemuel_doored_altar, mainiacjoe_overflow_catch_the_wave,
          enter_ossuary_3, portal_sewer_entry_a
D:6:      gammafunk_wand_slinger, layout_loops_ring, minitemple
D:7:      layout_loops_corners, marbit_many_paths,
          minmay_temple_entry_proselytizer
D:8:      minmay_cut_squares, layout_rooms, enter_bailey_3,
          hangedman_decor_peaks_small, nicolae_elemental_shop,
          hangedman_decor_riveting, minmay_shop_chei
D:9:      layout_roguey, vehumet_statue, grunt_lair_entry_orc_guard_hut,
          minmay_liquid_box
D:10:     layout_roguey, mainiacjoe_overflow_two_lobes, orc_0_dummy
D:11:     minmay_roctagon, layout_loops_ring, dk_noncrumbling_2,
          nicolae_dithmenos_through_a_glass_darkly
Lair:1:   layout_regular_city, serial_bayou_shore_b, grunt_megastairs_2,
          infiniplex_staircase_pool_2, lemuel_fruit_fields
Lair:2:   layout_hall_layers, uniq_gastronok
Lair:3:   layout_loops_ring, skrybe_swamp_entry_bodies,
          minmay_snake_entry_guardpost_small
Lair:4:   layout_layer_cave, slime_entry_1
Lair:5:   hangedman_lair_caniforms_friends, layout_gridlike, uniq_nessos

Skill      XL: |  1  2  3  4  5  6  7  8  9 10 11 12 13 14 |
---------------+-------------------------------------------+-----
Long Blades    | 4 5 6 8 9 11 12 14 | 14.0
Fighting       | 4 5 6 7 10 11 12 | 12.5
Armour         | 2 3 5 |  5.0
Evocations     | 2 5 |  5.8
Dodging        | 6 9 |  9.0
Polearms       | 3 8 11 13 14 | 14.0
Shields        | 2 5 |  5.0
Invocations    | 1 6 9 |  9.0
Short Blades   | 4 |  4.1
Stealth        | 4 |  4.5

Action                   |  1- 3 |  4- 6 |  7- 9 | 10-12 | 13-15 || total
-------------------------+-------+-------+-------+-------+-------++-------
Melee: Falchion          |   124 |   185 |   320 |       |       ||   629
       Punch             |     1 |     3 |     4 |       |       ||     8
       Short sword       |       |     3 |       |       |       ||     3
       Dagger            |       |       |    76 |     4 |       ||    80
       Tailslap          |       |       |     3 |     1 |       ||     4
       Scimitar          |       |       |    50 |   451 |   326 ||   827
       Long sword        |       |       |     9 |       |       ||     9
       Trident           |       |       |       |    37 |    67 ||   104
 Fire: Sling             |     3 |       |    95 |   128 |       ||   226
Throw: Dart              |       |       |       |     2 |     4 ||     6
Invok: Ancestor Life: He |       |       |     1 |       |       ||     1
       Ancestor Identity |       |       |     1 |       |       ||     1
       Recall Ancestor   |       |       |       |     4 |     1 ||     5
       Idealise          |       |       |       |     1 |       ||     1
Evoke: Wand              |       |       |       |     1 |     4 ||     5
       Box of beasts     |       |       |       |       |     1 ||     1
       Lightning rod     |       |       |       |       |     3 ||     3
  Use: Potion            |     1 |       |       |     4 |       ||     5
       Scroll            |       |       |    25 |     9 |       ||    34
 Stab: Sleeping          |     2 |     3 |     8 |     3 |       ||    16
       Distracted        |       |       |     6 |    12 |     4 ||    22
       Confused          |       |       |     1 |    18 |    12 ||    31
Armor: Leather armour    |    24 |    29 |   158 |    16 |       ||   227
       Robe              |     2 |       |       |       |       ||     2
       Ring mail         |    15 |    38 |       |       |       ||    53
       Acid dragon scale |       |       |       |   128 |   112 ||   240
Dodge: Dodged            |   109 |   115 |   248 |   332 |   333 ||  1137
Block: Buckler           |       |       |    32 |   136 |   146 ||   314

Table legend: (Time is in decaauts)
 A = Elapsed time spent in this place.
 B = Non-inter-level travel time spent in this place.
 C = Inter-level travel time spent in this place.
 D = Time resting spent in this place.
 E = Time spent auto-exploring this place.
 F = Levels seen in this place.
 G = Mean time per level.
                   A        B        C        D        E       F      G
               +--------+--------+--------+--------+--------+-----+--------+
         Total |  17956 |  17335 |    621 |   4173 |   8628 |  19 |  945.1 |
       Dungeon |   9059 |   8595 |    464 |   1235 |   5361 |  11 |  823.5 |
          Lair |   7004 |   6847 |    157 |   2491 |   3178 |   5 | 1400.8 |
         Sewer |    545 |    545 |      0 |    104 |     13 |   1 |  545.0 |
       Ossuary |    457 |    457 |      0 |    198 |     11 |   1 |  457.0 |
        Bailey |    889 |    889 |      0 |    145 |     63 |   1 |  889.0 |
               +--------+--------+--------+--------+--------+-----+--------+

Top non-repeatable levels by time:
  Lair:4: 1797 daAuts
  Lair:2: 1605 daAuts
     D:7: 1561 daAuts
  Lair:3: 1311 daAuts
  Lair:5: 1242 daAuts
  Lair:1: 1048 daAuts
     D:4: 1020 daAuts
     D:5: 971 daAuts
     D:2: 967 daAuts
     D:3: 932 daAuts
  Bailey: 889 daAuts
     D:6: 839 daAuts
    D:10: 722 daAuts
     D:9: 718 daAuts
     D:1: 659 daAuts
